 Dungeon Crawl Stone Soup version 0.31-a0-185-g9dded2c639 (webtiles) character file.

Game seed: 10472213192352143895

53 qw the Shooter (level 3, 0/20 HPs)
             Began as a Deep Elf Hunter on June 22, 2023.
             Slain by Pargi (4 damage)
             ... in a sewer.
             The game lasted 00:00:33 (1510 turns).

qw the Shooter (Deep Elf Hunter)                    Turns: 1510, Time: 00:00:34

Health: 0/20       AC:  5    Str: 10    XL:     3   Next: 62%
Magic:  5/5        EV: 11    Int: 13    God:
Gold:   115        SH:  0    Dex: 18    Spells: 2/2 levels left

rFire   . . .        Y - +0 shortbow
rCold   . . .        (shield currently unavailable)
rNeg    . . .        e - +0 ring mail
rPois   +            (no helmet)
rElec   .            (no cloak)
rCorr   .            (no gloves)
SInv    .            (no boots)
Will    .....        (no amulet)
Stlth   +            g - ring of poison resistance
HPRegen 0.23/turn    (no ring)
MPRegen 0.09/turn

%: no passive effects
@: very slow
A: no striking features
a: no special abilities


You were in a sewer.
You visited 1 branch of the dungeon, and saw 3 of its levels.
You also visited: Sewer.

You collected 115 gold pieces.


   Skills:
 - Level 1.5 Fighting
 + Level 7.1 Ranged Weapons
 - Level 2.4 Dodging
 - Level 1.2 Stealth


You had 2 spell levels left.
You didn't know any spells.
Your spell library was empty.

Inventory:

Hand Weapons
 Y - a +0 shortbow (weapon)
Armour
 e - a +0 ring mail (worn)
Jewellery
 g - a ring of poison resistance (left hand)
Scrolls
 f - a scroll of identify
Potions
 a - a potion of might
 b - a potion of berserk rage {unknown}
 c - a potion of attraction {unknown}
 d - a potion of magic {unknown}

Dungeon Overview and Level Annotations

Branches:
Dungeon (3/15)              Sewer (1/1)

Altars:

Annotations:
D:2 1 runed translucent door, Crazy Yiuf Sewer Pargi


Message History

You enter the shallow water.
Moving in this stuff is going to be slow.
You enter the shallow water.
Moving in this stuff is going to be slow.
You enter the shallow water.
Moving in this stuff is going to be slow.
You enter the shallow water.
Moving in this stuff is going to be slow.
Pargi the Meek comes into view.
Enter note: You shoot an arrow.
The arrow hits Pargi.
Pargi is lightly wounded.
You shoot an arrow. The arrow closely misses Pargi.
You shoot an arrow. The arrow hits Pargi.
Pargi is lightly wounded.
Pargi barely misses you. Pargi claws you but does no damage. Pargi misses you.
You shoot an arrow.
The arrow hits Pargi but does no damage.
Pargi is lightly wounded.
Pargi bites you. Pargi claws you. Pargi misses you.
You shoot an arrow. The arrow closely misses Pargi.
Pargi bites you. Pargi claws you but does no damage. Pargi claws you.
Pargi barely misses you. Pargi completely misses you. Pargi barely misses you.
You shoot an arrow. The arrow closely misses Pargi.
Pargi closely misses you. Pargi claws you but does no damage. x2
You shoot an arrow. The arrow closely misses Pargi.
Pargi bites you but does no damage. Pargi claws you but does no damage.
Pargi claws you.
You shoot an arrow. The arrow completely misses Pargi.
Pargi bites you. Pargi claws you. Pargi barely misses you.
You shoot an arrow. The arrow misses Pargi.
Pargi bites you but does no damage. Pargi closely misses you.
Pargi claws you but does no damage.
You shoot an arrow. The arrow closely misses Pargi.
Pargi closely misses you. Pargi barely misses you. Pargi claws you.
Pargi bites you but does no damage. Pargi barely misses you. Pargi claws you.
You shoot an arrow.
The arrow hits Pargi but does no damage.
Pargi misses you. x2; Pargi claws you.
You die...

~~~~~~~.~#.~~~~~~~~~#~#
~~.~~~.#.##.~~~~~~~~~~#
~###\\######..~~~~~~~~##
#.## ##~~~~~~~~~~# ###
#~~~~~~~~~~#
##.~~~~~~~~# ##.~~~~~~##
##~~~~~~~# #@~~~~~~#
#T~~~~~~~ #~~~~~~~~
~~~~~~~~# .~~~~~~~#
.~~~~~~~~# ~~~~~~~~~#
.~~~~~~~~~#


You could see Pargi.

Vanquished Creatures
  An adder (D:3)
  A worm (D:2)
  A dart slug (D:3)
  An orc (D:2)
  6 ball pythons
  6 endoplasms
  2 giant cockroaches (D:1)
  3 goblins
  2 hobgoblins (D:1)
  4 kobolds
  3 quokkas
  2 bats (D:1)
  A frilled lizard (D:2)
  A rat (D:1)
34 creatures vanquished.

Notes
Turn   | Place    | Note
-------+----------+-------------------------------------------
     0 | D:1      | qw the Deep Elf Hunter began the quest for the Orb.
     0 | D:1      | Reached XP level 1. HP: 12/12 MP: 3/3
     0 | D:1      | 0 ||| qw: Version: 0.3-a-9-g12657ce
     0 | D:1      | 0 ||| qw: Game counter: 1907
     0 | D:1      | 0 ||| qw: Always use a shield: true
     0 | D:1      | 0 ||| qw: God list: Okawaru
     0 | D:1      | 0 ||| qw: Allow faded altars: false
     0 | D:1      | 0 ||| qw: Do Orc after D:15 true
     0 | D:1      | 0 ||| qw: Do second Lair branch before Depths: true
     0 | D:1      | 0 ||| qw: Lair rune preference: random
     0 | D:1      | 0 ||| qw: Plans: Normal
     0 | D:1      | 0 ||| PLANNING D:1-11
   139 | D:1      | Reached XP level 2. HP: 16/16 MP: 4/4
   150 | D:1      | Reached skill level 6 in Ranged Weapons
   571 | D:1      | 571 ||| READING scroll labelled VEFUIST RIUG.
   575 | D:1      | 575 ||| READING scroll labelled ECRADU SAKKEPN.
   576 | D:1      | 576 ||| READING 3 scrolls labelled FIRIRA PUCEBB.
   577 | D:1      | 577 ||| READING scroll labelled SOL FOTAOQENN.
   607 | D:1      | 607 ||| READING 2 scrolls of identify.
   607 | D:1      | 607 ||| IDENTIFYING glowing puce potion
   608 | D:1      | 608 ||| DROPPING scroll of butterflies.
   609 | D:1      | 609 ||| DROPPING potion of lignification.
   837 | D:2      | Reached XP level 3. HP: 20/20 MP: 5/5
  1059 | D:2      | Found a faded altar of an unknown god.
  1070 | D:2      | 1070 ||| UPGRADING to +0 ring mail.
  1085 | D:2      | 1085 ||| UPGRADING to +0 ring mail.
  1095 | D:2      | 1095 ||| DROPPING +0 leather armour.
  1196 | D:2      | Found a runed translucent door.
  1197 | D:2      | Noticed Crazy Yiuf
  1200 | D:2      | 1200 ||| READING 2 scrolls of identify.
  1200 | D:2      | 1200 ||| IDENTIFYING coppery potion
  1228 | D:3      | 1228 ||| PLANNING SEWER
  1232 | D:3      | 1232 ||| STAIRDANCE
  1462 | D:3      | Reached skill level 7 in Ranged Weapons
  1465 | D:3      | Found a glowing drain.
  1466 | D:3      | 1466 ||| UPGRADING to ring of poison resistance.
  1475 | Sewer    | Entered a sewer
  1499 | Sewer    | Noticed Pargi
  1509 | Sewer    | HP: 5/20 [Pargi (1)]
  1510 | Sewer    | Slain by Pargi

Levels and vault maps discovered:
D:1:      evilmike_arrival_plus, layout_loops_ring
D:2:      layout_basic, shapermc_ecumenical_altar_flowoftime,
          uniq_crazy_yiuf_cottage
D:3:      layout_basic, portal_sewer_entry_d
Sewer:    sewer_co_pargi_island

Skill      XL: |  1  2  3 |
---------------+----------+-----
Ranged Weapons | 6 7 |  7.1
Fighting       | |  1.5
Dodging        | |  2.4
Stealth        | |  1.2

Action                     || total
---------------------------++-------
   Fire: Shortbow          ||    95
    Use: Scroll            ||     6
 Armour: Leather armour    ||     3
         Ring mail         ||    12
  Dodge: Dodged            ||    30

Table legend:
 A = Non-vault XP
 B = Vault XP
 C = Vault XP percentage of total XP
 D = Non-vault monster count
 E = Vault monster count
 F = Vault count percentage of total count
                 A         B        C        D         E       F
            +---------+---------+-------+---------+---------+-------
      Total |      62 |      14 |  18.4 |      32 |       2 |   5.9
            +---------+---------+-------+---------+---------+-------
        D:1 |      33 |       0 |   0.0 |      19 |       0 |   0.0
        D:2 |      23 |       0 |   0.0 |      11 |       0 |   0.0
        D:3 |       6 |      13 |  68.4 |       2 |       1 |  33.3
      Sewer |       0 |       1 | 100.0 |       0 |       1 | 100.0
            +---------+---------+-------+---------+---------+-------
